 Dungeon Sprint DCSS version 0.27.1-1-g398f81649c (webtiles) character file.

Game seed: 13203630563304695159

5524 styxcanada the Imperceptible (level 10, -5/55 HPs)
             Began as a Spriggan Brigand on Sept 20, 2021.
             Was an Initiate of Gozag.
             Slain by Agnes (26 damage)
             ... in the Dungeon (Sprint IV: "Fedhas' Mad Dash").
             The game lasted 00:12:26 (1749 turns).

styxcanada the Imperceptible (Spriggan Brigand)     Turns: 1749, Time: 00:12:26

Health: -5/55      AC:  7    Str:  7    XL:     10   Next: 43%
Magic:  11/11      EV: 24    Int: 14    God:    Gozag
Gold:   1893       SH:  9    Dex: 19    Spells: 9/9 levels left

rFire    . . .     SeeInvis +   n - +1 dagger (freeze)
rCold    . . .     Faith    .   o - +2 buckler
rNeg     . . .     Spirit   .   x - +2 troll leather armour
rPois    .         Reflect  .   (helmet restricted)
rElec    .         Harm     .   c - +0 cloak
rCorr    .         Rampage  .   (gloves unavailable)
Will     +....     NoTele   +   (boots unavailable)
Stlth    ++++++++..             j - amulet of invisibility {+Inv}
HPRegen  1.18/turn              (no ring)
MPRegen  0.12/turn              (no ring)

@: very slightly contaminated, very quick
A: very small, no large weapons, unfitting armour, see invisible, speed 3
a: Renounce Religion, Evoke Invisibility, Potion Petition, Call Merchant, Bribe
Branch


You were in the Dungeon.
You worshipped Gozag.
Gozag was most pleased with you.
You visited 1 branch You collected 2048 gold pieces.
You spent 155 gold pieces at shops.

Inventory:

Hand Weapons
 a - a +2 dagger
 n - a +1 dagger of freezing (weapon)
Missiles
 d - 5 poisoned darts (quivered)
 e - 6 curare-tipped darts
 w - 15 stones
Armour
 c - a +0 cloak (worn)
 o - a +2 buckler (worn)
 r - a +2 robe of willpower
 x - a +2 troll leather armour (worn)
Jewellery
 b - a ring of resist corrosion
 j - the amulet of invisibility (around neck) {+Inv}
   (You found it in the Dungeon)

   [amulet of nothing]

   +Inv:      It lets you turn invisible.
Wands
 p - a wand of digging (3)
Scrolls
 l - a scroll of identify
 m - 2 scrolls of silence
 t - a scroll of summoning
 u - a scroll of fear {unknown}
 v - a scroll of immolation {unknown}
Potions
 f - a potion of curing
 h - a potion of haste
 i - 2 potions of magic
 s - a potion of lignification
Miscellaneous
 q - a box of beasts


   Skills:
 * Level 7.3 Fighting
 + Level 6.6 Short Blades
 + Level 5.4 Throwing
 * Level 11.0 Dodging
 * Level 23.1 Stealth
 * Level 4.5 Shields
 * Level 13.6 Evocations


You had 9 spell levels left.
You didn't know any spells.
Your spell library contained the following spells:

 Spells                   Type           Power      Damage    Failure   Level
 Animate Skeleton         Necr           0%         N/A       45%         1
 Apportation              Tloc           0%         N/A       45%         1
 Corona                   Hex            0%         N/A       45%         1
 Summon Small Mammal      Summ           0%         N/A       45%         1


Dungeon Overview and Level Annotations

Branches:
Dungeon (1/1)

Altars:
Cheibriados
Dithmenos
Elyvilon
Gozag
Hepliaklqana
Kikubaaqudgha
Makhleb
Nemelex Xobeh
Okawaru
Qazlal
Ru
Sif Muna
Trog
Uskayaw
Vehumet
Wu Jian
Xom
Yredelemnul
Zin
The Shining One
Beogh
Jiyva
Lugonu

Shops:
D ([[![*[[

Annotations:
D Agnes


Innate Abilities, Weirdness & Mutations

You are very small and have problems with some larger weapons.
You are too small for most types of armour.
You have supernaturally acute eyesight. (SInv)
You cover ground extremely quickly. (Speed+++)


Message History

There is an open door here.
Blink to where?
Press: ? - help, Dir - move target
As you read the scroll of blinking, it crumbles to dust.
You flicker back into view.
Throw: 8 darts (poison)
Press: ? - help, Q - select action, (/) - cycle Shift-Dir - straight line, f - Agnes
Aim: Agnes, wielding a +1 lajatang of speed and wearing a +0 robe (36% to hit)
You throw a poisoned dart. The poisoned dart misses Agnes.
Throw: 7 darts (poison)
Press: ? - help, Q - select action, (/) - cycle Shift-Dir - straight line, f/p - Agnes
Aim: Agnes, wielding a +1 lajatang of speed and wearing a +0 robe (36% to hit)
You throw a poisoned dart. The poisoned dart barely misses Agnes.
Throw: 6 darts (poison)
Press: ? - help, Q - select action, (/) - cycle Shift-Dir - straight line, f/p - Agnes
Aim: Agnes, wielding a +1 lajatang of speed and wearing a +0 robe (36% to hit)
You throw a poisoned dart. The poisoned dart hits Agnes.
Agnes is poisoned.
You feel much better. You block Agnes's attack. Agnes completely misses you.
Agnes mutters, "I never trained for this."
Agnes hits you with a +1 lajatang of speed!!
You hit Agnes but do no damage. Agnes barely misses you.
You block Agnes's attack.
You hit Agnes but do no damage. You block Agnes's attack.
Agnes barely misses you.
You hit Agnes but do no damage. Agnes barely misses you.
You block Agnes's attack.
You hit Agnes. You freeze Agnes.
Agnes is lightly wounded.
Agnes closely misses you.
Agnes hits you with a +1 lajatang of speed!
You hit Agnes. You freeze Agnes.
Agnes is lightly wounded.
Agnes closely misses you. x2
You feel much better.
Agnes looks more healthy.
You block Agnes's attack. Agnes completely misses you.
You block Agnes's attack.
You hit Agnes but do no damage.
Agnes is lightly wounded.
Agnes hits you with a +1 lajatang of speed!! x2
You die...
Your body crumbles into a pile of gold.

#<†..#.....#.....#.⌠._._._
#P...'.....'.#.[.'.._._._.
#PPPP#.....#.#...#..._._._
###############'##.._._._.
#...♣........'...#._._._._
#......♣.....#...#########
#.....♣..♣..######♣♣♣♣♣..♣
##'####'######.|'......♣..
#..#....+@i(...(#♣..♣♣♣.♣)
#.[#P.###.......#.♣♣..♣...
####### ##################


You could see Agnes.

Vanquished Creatures
  A spriggan druid (D)
  6 oklob plants (D)
  A demonic crawler (D)
  2 burning bushes (D)
  A queen bee (D)
  A hornet (D)
  3 wandering mushrooms (D)
  3 scorpions (D)
  4 killer bees (D)
  5 oklob saplings (D)
  5 spriggans (D)
  A river rat (D)
  A rat (D)
  A ballistomycete spore (D)
35 creatures vanquished.

Vanquished Creatures (others)
  2 fungi (D)
2 creatures vanquished.

Grand Total: 37 creatures vanquished

Notes
Turn   | Place    | Note
-------+----------+-------------------------------------------
     0 | D        | styxcanada the Spriggan Brigand began the quest for the
                  | Orb.
     0 | D        | Reached XP level 1. HP: 10/10 MP: 2/2
    18 | D        | Reached skill level 7 in Stealth
    18 | D        | Reached XP level 2. HP: 15/15 MP: 3/3
    20 | D        | Reached skill level 8 in Stealth
    40 | D        | Noticed an oklob sapling
    45 | D        | Killed an oklob sapling
    46 | D        | Reached skill level 9 in Stealth
    46 | D        | Reached XP level 3. HP: 19/19 MP: 4/4
    95 | D        | Noticed a scorpion
    95 | D        | Found the amulet of invisibility {+Inv}
    97 | D        | Killed a scorpion
    98 | D        | Reached skill level 12 in Stealth
    98 | D        | Reached XP level 4. HP: 23/23 MP: 5/5
   119 | D        | Found an opulent altar of Gozag.
   119 | D        | Found a hazy altar of Hepliaklqana.
   119 | D        | Found a burning altar of Makhleb.
   119 | D        | Found a sparkling altar of Nemelex Xobeh.
   119 | D        | Found a snail-covered altar of Cheibriados.
   119 | D        | Found a sacrificial altar of Ru.
   119 | D        | Found a shimmering blue altar of Sif Muna.
   119 | D        | Found a shimmering altar of Xom.
   119 | D        | Found a basalt altar of Yredelemnul.
   120 | D        | Found a viscous altar of Jiyva.
   120 | D        | Found a bloodstained altar of Trog.
   120 | D        | Found an ornate altar of the Wu Jian Council.
   121 | D        | Found an iron altar of Okawaru.
   121 | D        | Found a shadowy altar of Dithmenos.
   121 | D        | Found a glowing silver altar of Zin.
   122 | D        | Found an ancient bone altar of Kikubaaqudgha.
   122 | D        | Found a hide-covered altar of Uskayaw.
   123 | D        | Found a stormy altar of Qazlal.
   123 | D        | Found a white marble altar of Elyvilon.
   123 | D        | Found a glowing golden altar of the Shining One.
   124 | D        | Became a worshipper of Gozag Ym Sagoz the Greedy
   125 | D        | Found a corrupted altar of Lugonu.
   125 | D        | Found a radiant altar of Vehumet.
   129 | D        | Reached skill level 13 in Stealth
   129 | D        | Reached XP level 5. HP: 28/28 MP: 3/6
   180 | D        | Reached skill level 14 in Stealth
   180 | D        | Reached skill level 1 in Evocations
   186 | D        | Reached skill level 5 in Dodging
   187 | D        | Reached skill level 15 in Stealth
   189 | D        | Reached XP level 6. HP: 33/33 MP: 5/7
   222 | D        | Found Xaenwaadd's Antique Armour Shop.
   223 | D        | Found Wiley's Weapon Emporium.
   256 | D        | Noticed a burning bush
   256 | D        | Noticed a wandering mushroom
   257 | D        | Noticed a wandering mushroom
   263 | D        | Reached skill level 16 in Stealth
   271 | D        | Killed a wandering mushroom
   272 | D        | Reached skill level 17 in Stealth
   272 | D        | Reached XP level 7. HP: 29/38 MP: 6/8
   330 | D        | Killed a wandering mushroom
   331 | D        | Reached skill level 18 in Stealth
   611 | D        | Killed a burning bush
   612 | D        | Reached skill level 5 in Fighting
   612 | D        | Reached skill level 5 in Short Blades
   612 | D        | Reached skill level 5 in Throwing
   612 | D        | Reached skill level 5 in Evocations
   627 | D        | Found Geghoulo's Assorted Antiques.
   627 | D        | Found Dosouxeo's Antique Armour Shoppe.
   634 | D        | Bought a runed robe for 74 gold pieces
   636 | D        | Bought a scroll labelled QIPTUCV TOLUDEL for 21 gold pieces
   636 | D        | Bought a fuming white potion for 18 gold pieces
   636 | D        | Bought a scroll labelled OGOELUE MEPAR for 21 gold pieces
   636 | D        | Bought a scroll labelled BEH GAITZUUBIUGH for 21 gold
                  | pieces
   689 | D        | Reached skill level 1 in Shields
   695 | D        | Noticed a queen bee
   702 | D        | Killed a queen bee
   703 | D        | Reached skill level 19 in Stealth
   703 | D        | Reached XP level 8. HP: 44/44 MP: 7/9
   719 | D        | Noticed an oklob plant
   721 | D        | Killed an oklob plant
   722 | D        | Reached skill level 20 in Stealth
   754 | D        | Noticed a burning bush
  1282 | D        | Noticed a burning bush
  1282 | D        | Noticed an oklob plant
  1283 | D        | Noticed a wandering mushroom
  1284 | D        | Killed a burning bush
  1285 | D        | Reached XP level 9. HP: 48/48 MP: 7/10
  1289 | D        | Killed an oklob plant
  1290 | D        | Reached skill level 21 in Stealth
  1293 | D        | Killed a wandering mushroom
  1294 | D        | Reached skill level 10 in Evocations
  1361 | D        | Noticed a spriggan druid
  1363 | D        | Killed a spriggan druid
  1364 | D        | Reached skill level 10 in Dodging
  1417 | D        | Noticed an oklob plant conjurer
  1418 | D        | Killed an oklob plant conjurer
  1518 | D        | Noticed an oklob plant
  1518 | D        | Noticed an oklob plant summoner
  1519 | D        | Noticed an oklob plant shifter
  1525 | D        | Killed an oklob plant
  1526 | D        | Reached skill level 22 in Stealth
  1527 | D        | Killed an oklob plant summoner
  1528 | D        | Reached XP level 10. HP: 53/53 MP: 9/11
  1530 | D        | Killed an oklob plant shifter
  1636 | D        | Noticed a spriggan rider
  1637 | D        | Found Anli Abe's Antique Armour Emporium.
  1641 | D        | Found Worgh's Armour Shoppe.
  1645 | D        | Killed a spriggan rider
  1646 | D        | Reached skill level 23 in Stealth
  1710 | D        | Noticed Agnes
  1712 | D        | Found Fasimev's Armour Emporium.
  1712 | D        | Noticed a spriggan berserker
  1714 | D        | Found Ughycra's Distillery.
  1749 | D        | Slain by Agnes

Illustrated notes

Levels and vault maps discovered:
D:        dungeon_sprint_fedhas [sprint_temple]

Skill      XL: |  1  2  3  4  5  6  7  8  9 10 |
---------------+-------------------------------+-----
Fighting       | 2 3 4 5 6 7 |  7.3
Dodging        | 2 3 4 5 6 8 9 10 11 | 11.0
Stealth        | 7 9 12 13 15 17 19 20 22 23 | 23.1
Throwing       | 3 4 5 |  5.4
Short Blades   | 3 4 5 6 |  6.6
Evocations     | 2 3 6 8 12 13 | 13.6
Shields        | 1 2 4 |  4.5

Action                   |  1- 3 |  4- 6 |  7- 9 | 10-12 || total
-------------------------+-------+-------+-------+-------++-------
Melee: Dagger            |     9 |    14 |    63 |    12 ||    98
Throw: Dart              |     8 |       |       |     3 ||    11
 Abil: Evoke Invisibilit |       |     3 |    11 |     3 ||    17
  Use: Potion            |     1 |       |       |     2 ||     3
       Scroll            |       |       |     3 |     1 ||     4
 Stab: Sleeping          |     1 |     5 |    14 |     5 ||    25
       Invisible         |       |     3 |     3 |       ||     6
       Distracted        |       |       |     1 |       ||     1
Dodge: Dodged            |     4 |     9 |    10 |    10 ||    33
Block: Buckler           |       |     2 |     4 |     7 ||    13
